 Dungeon Crawl Stone Soup version 0.22.0-38-g04b72b8 (webtiles) character file.

203 Marcoleric the Sneak (level 6, -4/39 HPs)
             Began as a Halfling Assassin on Aug 30, 2018.
             Slain by a phantom (8 damage)
             ... on level 4 of the Dungeon.
             The game lasted 00:11:44 (2517 turns).

Marcoleric the Sneak (Halfling Assassin)            Turns: 2517, Time: 00:11:44

Health: -4/39      AC:  4    Str: 12    XL:     6   Next: 8%
Magic:  6/6        EV: 14    Int:  9    God:
Gold:   115        SH:  0    Dex: 18    Spells: 5/5 levels left

rFire    . . .     SeeInvis .   a - +2 dagger
rCold    . . .     Gourm    .   (shield restricted)
rNeg     . . .     Faith    .   c - +1 robe
rPois    .         Spirit   .   (no helmet)
rElec    .         Reflect  .   d - +0 cloak
rCorr    .         Harm     .   (no gloves)
MR       .....                  (no boots)
Stlth    ++++......             (no amulet)
HPRegen  0.13/turn              (no ring)
MPRegen  0.10/turn              (no ring)

@: no status effects
A: small, mutation resistance 1
a: no special abilities


You were on level 4 of the Dungeon.
You were not hungry.

You visited 1 branch of the dungeon, and saw 4 of its levels.

You collected 115 gold pieces.

Inventory:

Hand Weapons
 a - a +2 dagger (weapon)
 b - a +0 blowgun
 i - a +1 dagger of freezing
Missiles
 e - 22 poisoned needles
 f - 2 curare-tipped needles
Armour
 c - a +1 robe (worn)
 d - a +0 cloak (worn)
 j - a cursed +0 helmet
Jewellery
 h - an uncursed ring of protection from cold
Scrolls
 k - a scroll of remove curse
Comestibles
 g - 3 rations


   Skills:
 + Level 2.0 Fighting
 * Level 4.3 Short Blades
 - Level 2.0 Throwing
 + Level 1.6 Dodging
 * Level 6.7 Stealth


You had 5 spell levels left.
You didn't know any spells.
Your spell library was empty.

Dungeon Overview and Level Annotations

Branches:
Dungeon (4/15)
 Temple: D:4-7

Altars:


Innate Abilities, Weirdness & Mutations

You are small and have problems with some larger weapons.
You are somewhat resistant to further mutation.


Message History

You hit the orc.
You kill the orc!
The orc closely misses you. The orc closely misses you.
The phantom blinks!
Things that are here:
a morningstar; an orc corpse Unknown command.
You completely miss the orc. The orc hits you but does no damage.
You hit the orc.
The orc is heavily wounded.
The phantom hits you. The orc closely misses you.
You hit the orc.
You kill the orc!
The phantom hits you.
You hit the phantom but do no damage. The phantom hits you!
* * * LOW HITPOINT WARNING * * *
You hit the phantom.
The phantom is lightly damaged.
The phantom hits you!
You die...

.......>####### ...
#####.........### #...##
####...######...####
....# . .....###
###....### #.#.# ..
###### ####...# ...##
#.. ###.####..!##..#
#..........!##
################........
#......@...............#
#.....W...#####.........
#.........# #...†.####
########### #.....#
#######


You could see a phantom.

Vanquished Creatures
  A hound (D:4)
  Terence (D:3)
  A gnoll (D:1)
  5 adders (D:2)
  An ooze (D:1)
  An adder skeleton (D:4)
  3 dart slugs (D:1)
  A leopard gecko (D:1)
  8 orcs (D:4)
  A giant cockroach (D:4)
  6 hobgoblins
  9 jackals
  7 kobolds
  2 quokkas
  2 ball pythons (D:1)
  5 bats
  3 frilled lizards
  7 goblins
  7 rats
71 creatures vanquished.

Notes
Turn   | Place    | Note
-------+----------+-------------------------------------------
     0 | D:1      | Marcoleric the Halfling Assassin began the quest for the Orb.
     0 | D:1      | Reached XP level 1. HP: 14/14 MP: 1/1
   191 | D:1      | Reached XP level 2. HP: 19/19 MP: 2/2
   201 | D:1      | Reached skill level 5 in Stealth
   520 | D:1      | Reached XP level 3. HP: 21/24 MP: 3/3
   971 | D:1      | Reached XP level 4. HP: 27/29 MP: 4/4
  1064 | D:2      | Reached skill level 6 in Stealth
  1414 | D:2      | Reached XP level 5. HP: 34/34 MP: 5/5
  2220 | D:3      | Noticed Terence
  2224 | D:3      | Killed Terence
  2480 | D:4      | Noticed a phantom
  2485 | D:4      | Reached XP level 6. HP: 29/39 MP: 6/6
  2517 | D:4      | Slain by a phantom

Skill      XL: |  1  2  3  4  5 |
---------------+----------------+-----
Stealth        | 5 6 |  6.7
Short Blades   | 3 4 |  4.3
Fighting       | 2 |  2.0
Throwing       | |  2.0
Dodging        | |  1.6

Action                   |  1- 3 |  4- 6 || total
-------------------------+-------+-------++-------
Melee: Dagger            |    83 |   169 ||   252
  Use: Potion            |     8 |     2 ||    10
       Scroll            |     2 |     5 ||     7
 Stab: Sleeping          |     7 |    11 ||    18
       Distracted        |       |     1 ||     1
  Eat: Ration            |       |     2 ||     2
Armor: Robe              |    16 |    22 ||    38
Dodge: Dodged            |    52 |   100 ||   152
